 Dungeon Crawl Stone Soup version 0.29.1-2-gbd0b4ee654 (webtiles) character file.

Game seed: 2407353330670113943

63 DemonSlayer the Firebug (level 3, 0/24 HPs)
             Began as a Demonspawn Fire Elementalist on Nov 5, 2022.
             Slain by an orc
             ... wielding a +0 hand axe
              (4 damage)
             ... on level 3 of the Dungeon.
             The game lasted 00:02:58 (1896 turns).

DemonSlayer the Firebug (DsFE)                      Turns: 1896, Time: 00:02:58

Health: 0/24       AC:  2    Str:  8    XL:     3   Next: 87%
Magic:  1/7        EV: 12    Int: 18    God:
Gold:   77         SH:  0    Dex: 13    Spells: 4/7 levels left

rFire   . . .      SeeInvis .   h - +0 spear
rCold   . . .      Faith    .   (no shield)
rNeg    . . .      Spirit   .   c - +0 robe {Will+}
rPois   .          Reflect  .   (no helmet)
rElec   .          Harm     .   (no cloak)
rCorr   .          Rampage  .   (no gloves)
Will    +....                   (no boots)
Stlth   ++........              (no amulet)
HPRegen 0.08/turn               (no ring)
MPRegen 0.10/turn               (no ring)

@: no status effects
A: spiny 1, demonic touch 1
a: no special abilities


You were on level 3 of the Dungeon.
You visited 1 branch of the dungeon, and saw 4 of its levels.

You collected 118 gold pieces.
You spent 41 gold pieces at shops.

Inventory:

Hand Weapons
 h - a +0 spear (weapon)
Missiles
 g - 3 throwing nets
Armour
 c - a +0 robe of willpower (worn)
Scrolls
 d - 2 scrolls of identify {unknown}
 e - 7 scrolls of teleportation {unknown}
 j - a scroll of immolation {unknown}
 m - a scroll of enchant weapon {unknown}
 p - a scroll of blinking {unknown}
Potions
 a - 2 potions of curing {unknown}
 b - 2 potions of magic
 f - a potion of lignification {unknown}
 i - 2 potions of berserk rage {unknown}
 k - a potion of cancellation {unknown}
 l - 2 potions of brilliance {unknown}
 n - a potion of heal wounds {unknown}
 o - 2 potions of attraction {unknown}


   Skills:
 + Level 2.0 Dodging
 + Level 1.9 Stealth
 + Level 2.6 Spellcasting
 + Level 1.9 Conjurations
 + Level 3.3 Fire Magic


You had 4 spell levels left.
You knew the following spells:

 Your Spells              Type           Power      Damage    Failure   Level
a - Foxfire               Conj/Fire      48%        2x1d6     5%          1
b - Scorch                Fire           28%        2d6       6%          2

Your spell library contained the following spells:

 Spells                   Type           Power      Damage    Failure   Level
 Conjure Flame            Conj/Fire      12%        6-21      17%         3
 Inner Flame              Hex/Fire       8%         N/A       26%         3
 Flame Wave               Conj/Fire      12%        2d6       50%         4


Dungeon Overview and Level Annotations

Branches:
Dungeon (4/15)
 Temple: D:4-7

Altars:
Xom

Shops:
D:2 *


Innate Abilities, Weirdness & Mutations

You are partially covered in sharp spines.
Your touch may inflict minor irresistible damage on your foes.


Message History

The orc is heavily wounded.
The foxfire hits the orc.
You kill the orc!
A hobgoblin comes into view.
The orc priest casts a cantrip, but nothing happens.
You conjure some foxfire!
The foxfire hits the orc.
The orc is moderately wounded.
You conjure some foxfire!
The foxfire hits the orc.
You kill the orc!
The foxfire hits the orc.
The orc is heavily wounded.
You conjure some foxfire!
The foxfire hits the orc but does no damage. x2
The orc is struck by your spines. The orc hits you with a +0 hand axe.
The orc misses your foxfire. The orc barely misses you.
You hit the orc.
You kill the orc!
The foxfire hits the orc.
The orc is lightly wounded.
The foxfire hits the orc.
The orc is moderately wounded.
The orc hits you with a +0 hand axe.
The orc priest attacks as you move away!
The orc priest hits you with a +0 club. The hobgoblin attacks as you move away!
The hobgoblin is struck by your spines. The hobgoblin hits you.
You barely miss the hobgoblin.
You touch the hobgoblin.
You kill the hobgoblin!
You hit the orc.
The orc is heavily wounded.
The orc barely misses you.
You hit the orc.
The orc is heavily wounded.
The orc is struck by your spines. The orc hits you with a +0 hand axe.
* * * LOW HITPOINT WARNING * * *
The orc closely misses you.
You hit the orc but do no damage.
The orc is almost dead.
The orc hits you with a +0 hand axe.
You die...

##
##.##.########...†...
######. #..#.#
######....... .......
##.#.###.......#####
.......##
#...#...####..#
...$....# ##....###
##.#
....$...####...###
#.# ......).#o...o##
.# ......))..###o#
....>..)### #@#
..)....## #.# ....<..
#.# ....... #.#
....... ####.####
....... #.......#
.$.. #.......#
#.......# #.......#


You could see an orc priest and an orc.

Vanquished Creatures
  An adder (D:2)
  2 worms
  2 dart slugs
  3 orcs (D:3)
  3 bats
  3 endoplasms
  2 giant cockroaches (D:1)
  3 hobgoblins
  5 jackals
  3 kobolds
  2 quokkas
  6 ball pythons
  2 frilled lizards (D:1)
  A rat (D:3)
38 creatures vanquished.

Vanquished Creatures (others)
  125 foxfires
125 creatures vanquished.

Grand Total: 163 creatures vanquished

Notes
Turn   | Place    | Note
-------+----------+-------------------------------------------
     0 | D:1      | DemonSlayer the Demonspawn Fire Elementalist began the
                  | quest for the Orb.
     0 | D:1      | Reached XP level 1. HP: 13/13 MP: 3/3
   300 | D:1      | Reached skill level 3 in Fire Magic
   300 | D:1      | Gained mutation: Your touch may inflict minor irresistible
                  | damage on your foes. [demonic ancestry]
   300 | D:1      | Reached XP level 2. HP: 19/19 MP: 0/5
   303 | D:1      | Learned a level 2 spell: Scorch
  1114 | D:2      | Found Pavoet's Assorted Antiques.
  1124 | D:2      | Bought a scroll labelled UVVIPE WOCE for 22 gold pieces
  1124 | D:2      | Bought a bubbling sapphire potion for 19 gold pieces
  1124 | D:2      | Found a faded altar of an unknown god.
  1189 | D:2      | Gained mutation: You are partially covered in sharp spines.
                  | [demonic ancestry]
  1189 | D:2      | Reached XP level 3. HP: 24/24 MP: 0/6
  1372 | D:2      | You fall into a shaft and drop 2 floors!
  1640 | D:3      | Found a shimmering altar of Xom.
  1896 | D:3      | Slain by an orc

Illustrated notes

Levels and vault maps discovered:
D:1:      minmay_arrival_four_houses, layout_basic
D:2:      layout_rooms, basic_ecumenical_altar, serial_shops, shop
D:3:      layout_rooms, old_standard_altar
D:4:      layout_rooms, mainiacjoe_overflow_brackets,
          mainiacjoe_overflow_24_doors, minmay_temple_entry_crystal_x

Skill      XL: |  1  2 |
---------------+-------+-----
Fire Magic     | 3 |  3.3
Dodging        | 2 |  2.0
Stealth        | |  1.9
Spellcasting   | |  2.6
Conjurations   | |  1.9

Action                   || total
-------------------------++-------
Melee: Spear             ||    34
       Touch             ||     5
 Cast: Foxfire           ||    79
 Stab: Sleeping          ||     3
Armor: Robe              ||     2
Dodge: Dodged            ||    14
